 Dungeon Crawl Stone Soup version 0.23-b1-6-ga921848 (webtiles) character file.

Game seed: 14317259210431522725

619 dvd the Chopper (level 7, -8/61 HPs)
             Began as a Minotaur Fighter on Feb 1, 2019.
             Mangled by an ogre
             ... wielding a +0 giant club
              (20 damage)
             ... on level 4 of the Dungeon.
             The game lasted 00:06:41 (2874 turns).

dvd the Chopper (Minotaur Fighter)                  Turns: 2874, Time: 00:06:42

Health: -8/61      AC: 12    Str: 21    XL:     7   Next: 21%
Magic:  0/6        EV:  4    Int:  5    God:
Gold:   196        SH: 11    Dex: 11    Spells: 6/6 levels left

rFire    . . .     SeeInvis .   d - +1 war axe (distort)
rCold    . . .     Gourm    .   c - +1 shield
rNeg     . . .     Faith    .   n - +0 plate armour
rPois    .         Spirit   +   (helmet restricted)
rElec    .         Reflect  .   g - scarf {Spirit}
rCorr    .         Harm     .   (no gloves)
MR       .....                  (no boots)
Stlth    ..........             o - amulet of guardian spirit
HPRegen  0.20/turn              (no ring)
MPRegen  0.10/turn              (no ring)

@: no status effects
A: retaliatory headbutt, horns 2
a: no special abilities


You were on level 4 of the Dungeon.
You were hungry.

You visited 1 branch of the dungeon, and saw 4 of its levels.

You collected 196 gold pieces.

Inventory:

Hand Weapons
 a - a +0 war axe
 d - a +1 war axe of distortion (weapon)
 k - a +4 short sword of speed
Missiles
 s - a javelin (quivered)
Armour
 b - a +0 scale mail
 c - a +1 shield (worn)
 g - a scarf of spirit shield (worn)
 n - a +0 plate armour (worn)
Jewellery
 o - an amulet of guardian spirit (around neck)
Scrolls
 j - 5 scrolls of identify
 l - a scroll of magic mapping
 r - 3 scrolls of remove curse {unknown}
 u - a scroll of teleportation {unknown}
 v - a scroll of random uselessness {unknown}
 w - a scroll of fear {unknown}
Potions
 e - 2 potions of curing {unknown}
 h - a potion of cancellation {unknown}
 i - a potion of heal wounds {unknown}
 p - a potion of lignification
 q - 2 potions of brilliance {unknown}
 t - a potion of mutation {unknown}
Comestibles
 f - 4 rations
 m - 8 chunks of flesh


   Skills:
 + Level 5.2 Fighting
 + Level 6.0 Axes
 + Level 1.7 Throwing
 + Level 5.1 Armour
 + Level 1.0 Dodging
 + Level 0.3 Stealth
 + Level 5.7 Shields


You had 6 spell levels left.
You didn't know any spells.
Your spell library was empty.

Dungeon Overview and Level Annotations

Branches:
Dungeon (4/15)
 Temple: D:4-7

Altars:
Cheibriados
Dithmenos
Qazlal
Trog
Xom


Innate Abilities, Weirdness & Mutations

You reflexively headbutt those who attack you in melee.
You have a pair of horns on your head.


Message History

The iguana is severely wounded.
You block the iguana's attack.
An orc comes into view. It is wielding a +1 trident of flaming.
You closely miss the iguana.
The iguana is severely wounded.
The orc shouts!
You block the iguana's attack.
You hit the iguana.
The iguana looks slightly unstable.
You headbutt the iguana.
You kill the iguana!
Your Axes skill increases to level 6!
You hit the ogre.
The ogre looks slightly unstable.
You headbutt the ogre, but do no damage.
The ogre is heavily wounded.
The ogre hits you with a +0 giant club!
* * * LOW HITPOINT WARNING * * *
You closely miss the ogre.
The ogre is heavily wounded.
The ogre hits you with a +0 giant club!!
You die...

...# ### #####....
##.. #.#(.....
#...##........ #
....(........ ..
#....(....<.....
#..##............>..
#....o..@O...##.....
........)##..#......
######..####........
#....##........
##.#..#........
##............
##..##.#....#..
#......#....#
#......#....#


You could see an ogre and an orc.

Vanquished Creatures
  An orc warrior (D:3)
  An ogre (D:4)
  2 howler monkeys
  An iguana (D:4)
  Terence (D:2)
  5 orc wizards (D:3)
  A worker ant (D:4)
  7 adders
  A gnoll (D:1)
  2 worms
  2 dart slugs
  2 leopard geckos
  13 orcs
  A ball python (D:2)
  2 giant cockroaches
  8 hobgoblins
  5 kobolds
  8 bats
  6 frilled lizards (D:1)
  7 goblins (D:1)
  11 rats
87 creatures vanquished.

Notes
Turn   | Place    | Note
-------+----------+-------------------------------------------
     0 | D:1      | dvd the Minotaur Fighter began the quest for the Orb.
     0 | D:1      | Reached XP level 1. HP: 19/19 MP: 0/0
   203 | D:1      | Reached XP level 2. HP: 27/27 MP: 1/1
   641 | D:1      | Reached XP level 3. HP: 33/33 MP: 2/2
   915 | D:2      | Noticed Terence
   919 | D:2      | Killed Terence
   919 | D:2      | Reached skill level 3 in Axes
  1029 | D:2      | Found a snail-covered altar of Cheibriados.
  1118 | D:2      | Reached XP level 4. HP: 37/40 MP: 3/3
  1220 | D:2      | Found a stormy altar of Qazlal.
  1221 | D:2      | Found a shadowy altar of Dithmenos.
  1332 | D:2      | Found a bloodstained altar of Trog.
  1421 | D:2      | Found a bloodstained altar of Trog.
  1847 | D:3      | Found a shimmering altar of Xom.
  1885 | D:3      | Reached XP level 5. HP: 7/47 MP: 1/4
  2186 | D:3      | Reached skill level 4 in Axes
  2231 | D:3      | Noticed an orc warrior
  2245 | D:3      | Reached skill level 1 in Throwing
  2285 | D:3      | Killed an orc warrior
  2285 | D:3      | Reached skill level 5 in Shields
  2285 | D:3      | Reached XP level 6. HP: 53/55 MP: 5/5
  2539 | D:3      | Reached skill level 5 in Axes
  2545 | D:3      | Reached skill level 5 in Fighting
  2545 | D:3      | Reached skill level 1 in Dodging
  2868 | D:4      | Reached skill level 5 in Armour
  2868 | D:4      | Reached XP level 7. HP: 31/61 MP: 3/6
  2872 | D:4      | Reached skill level 6 in Axes
  2874 | D:4      | Mangled by an ogre

Skill      XL: |  1  2  3  4  5  6  7 |
---------------+----------------------+-----
Fighting       | 4 5 |  5.2
Armour         | 4 5 |  5.1
Shields        | 4 5 |  5.7
Axes           | 3 4 5 6 |  6.0
Throwing       | 1 |  1.7
Dodging        | 1 |  1.0
Stealth        | |  0.3

Action                   |  1- 3 |  4- 6 |  7- 9 || total
-------------------------+-------+-------+-------++-------
Melee: War axe           |    75 |    98 |     6 ||   179
       Headbutt          |    12 |    13 |     2 ||    27
Throw: Javelin           |    18 |    20 |       ||    38
  Use: Potion            |       |     1 |       ||     1
       Scroll            |       |     3 |       ||     3
  Eat: Chunk             |       |     6 |       ||     6
Armor: Scale mail        |    23 |    39 |       ||    62
       Plate armour      |       |    11 |     1 ||    12
Dodge: Dodged            |    14 |    36 |       ||    50
Block: Shield            |    43 |    65 |     3 ||   111
